 Dungeon Crawl Stone Soup version 0.25.0-10-g039870ee82 (webtiles) character file.

Game seed: 13611518390039579743

153 nikku the Skirmisher (level 5, -4/49 HPs)
             Began as a Minotaur Berserker on June 22, 2020.
             Was a Believer of Trog.
             Succumbed to poison (poison gas)
             ... on level 3 of the Dungeon.
             The game lasted 00:07:05 (3031 turns).

nikku the Skirmisher (Minotaur Berserker)           Turns: 3031, Time: 00:07:06

Health: -4/49      AC:  8    Str: 22    XL:     5   Next: 12%
Magic:  4/4        EV: 11    Int:  4    God:    Trog [**....]
Gold:   108        SH:  0    Dex: 10    Spells: 4/4 levels left

rFire    . . .     SeeInvis .   a - +0 hand axe
rCold    . . .     Gourm    .   (no shield)
rNeg     . . .     Faith    .   j - +0 ring mail
rPois    .         Spirit   .   (helmet restricted)
rElec    .         Reflect  .   l - +0 cloak
rCorr    .         Harm     .   d - +0 pair of gloves
MR       .....                  (no boots)
Stlth    ..........             (no amulet)
HPRegen  0.16/turn              (no ring)
MPRegen  0.09/turn              (no ring)

@: lethally poisoned (-4 -> -96), berserk cooldown, slowed, lightly drained,
very slow
A: retaliatory headbutt, horns 2
a: Berserk, Trog's Hand, Renounce Religion


You were on level 3 of the Dungeon.
You worshipped Trog.
Trog was pleased with you.
You were hungry.

You visited 1 branch of the dungeon, and saw 3 of its levels.

You collected 108 gold pieces.

Inventory:

Hand Weapons
 a - a +0 hand axe (weapon)
Missiles
 h - 4 atropa-tipped darts (quivered)
Armour
 d - a +0 pair of gloves (worn)
 j - a +0 ring mail (worn)
 l - a +0 cloak (worn)
Scrolls
 e - a scroll of enchant weapon {unknown}
 i - a scroll of noise {unknown}
 m - a scroll of blinking {unknown}
Potions
 f - 2 potions of curing
 g - a potion of heal wounds
 k - 2 potions of cancellation
Comestibles
 c - 4 rations


   Skills:
 * Level 5.6(5.4) Fighting
 + Level 4.7(4.5) Axes
 + Level 3.8(3.6) Armour
 - Level 2.1(2.0) Dodging


You had 4 spell levels left.
You didn't know any spells.
Your spell library was empty.

Dungeon Overview and Level Annotations

Branches:
Dungeon (3/15)

Altars:
Wu Jian


Innate Abilities, Weirdness & Mutations

You reflexively headbutt those who attack you in melee.
You have a pair of horns on your head.


Message History

You are more poisoned.
* * * LOW HITPOINT WARNING * * *
You feel very sick.
You are too berserk!
You are engulfed in poison gas.
You are more poisoned.
* * * LOW HITPOINT WARNING * * *
x2 You feel very sick.
You feel a strong urge to attack something.
* * * LOW HITPOINT WARNING * * *
You feel very sick.
* * * LOW HITPOINT WARNING * * *
You feel very sick.
You are too berserk!
You feel your anger nearly subside.
You are no longer berserk.
You are exhausted.
You feel yourself slow down.
Your skin stops crawling.
You feel less resistant to hostile enchantments.
You die...

#......##......##.###
#....§.##......##.#
#...§§§#####...##.#
#....§☼§§...#>.##.#
#....§§§§§...[.##.#
####..§§§§☼.#####.###
#...§§§§.##.......
#....○§§.#####.#.#
#@.......###<.....
#....................
####........#####...#
#........# #.....
#........# #....#
#####.#### #.#..# #..
......# ###< .......#
####.....


There were no monsters in sight!

Vanquished Creatures
  Ijyb (D:3)
  3 adders
  3 oozes
  5 worms
  3 dart slugs
  2 leopard geckos
  2 orcs (D:3)
  A giant cockroach (D:1)
  12 hobgoblins
  3 jackals (D:1)
  5 bats
  5 frilled lizards
  4 goblins
  11 kobolds
  10 rats
70 creatures vanquished.

Vanquished Creatures (others)
  A hobgoblin (D:3)
1 creature vanquished.

Grand Total: 71 creatures vanquished

Notes
Turn   | Place    | Note
-------+----------+-------------------------------------------
     0 | D:1      | nikku the Minotaur Berserker began the quest for the Orb.
     0 | D:1      | Reached XP level 1. HP: 19/19 MP: 0/0
    55 | D:1      | Reached skill level 4 in Fighting
    56 | D:1      | Reached XP level 2. HP: 18/27 MP: 1/1
   754 | D:1      | Reached XP level 3. HP: 30/34 MP: 2/2
   839 | D:1      | Reached ** piety under Trog
  1628 | D:2      | Upgraded the game from 0.25.0-9-g26727b657a to
                  | 0.25.0-10-g039870ee82
  1640 | D:2      | Found an ornate altar of the Wu Jian Council.
  1792 | D:2      | Reached XP level 4. HP: 41/41 MP: 3/3
  1976 | D:2      | Reached skill level 5 in Fighting
  3017 | D:3      | Noticed Ijyb
  3027 | D:3      | Killed Ijyb
  3027 | D:3      | Reached XP level 5. HP: 22/49 MP: 4/4
  3030 | D:3      | HP: 1/73 [poison (poison gas)]
  3031 | D:3      | Succumbed to poison (poison gas)

Illustrated notes

Levels and vault maps discovered:
D:1:      dpeg_arrival_rooms_c, layout_loops_cross, eino_curves_01
D:2:      layout_loops_cross, lemuel_crystal_altar
D:3:      layout_basic, lemuel_coloured_pillars_altar, uniq_ijyb

Skill      XL: |  1  2  3  4 |
---------------+-------------+-----
Fighting       | 4 5 |  5.6
Axes           | 4 |  4.7
Armour         | 3 |  3.8
Dodging        | |  2.1

Action                   |  1- 3 |  4- 6 || total
-------------------------+-------+-------++-------
Melee: Hand axe          |    90 |    56 ||   146
       Headbutt          |    11 |    12 ||    23
Invok: Berserk           |       |     1 ||     1
       Trog's Hand       |       |     1 ||     1
  Use: Scroll            |     2 |     3 ||     5
  Eat: Chunk             |     3 |     4 ||     7
Armor: Animal skin       |     2 |       ||     2
       Leather armour    |    10 |     4 ||    14
       Ring mail         |       |    16 ||    16
Dodge: Dodged            |    54 |    21 ||    75
